 Dungeon Sprint DCSS version 0.28.0-47-ge53b351184 (webtiles) character file.

Game seed: 7166480402950816684

516 browni3141 the Warrior (level 7, 0/78 HPs)
             Began as a Formicid Fighter on May 4, 2022.
             Was a Believer of Cheibriados.
             Slain by a komodo dragon (25 damage)
             ... in the Dungeon (Sprint IX: "|||||||||||||||||||||||||||||").
             The game lasted 00:01:20 (382 turns).

browni3141 the Warrior (Formicid Fighter)            Turns: 382, Time: 00:01:21

Health: 0/78       AC: 12    Str: 25    XL:     7   Next: 44%
Magic:  7/7        EV: 11    Int: 11    God:    Cheibriados [**....]
Gold:   0          SH:  5    Dex: 16    Spells: 6/6 levels left

rFire   . . .      SeeInvis +   k - +2 scimitar (flame)
rCold   . . .      Faith    .   c - +0 buckler
rNeg    . . .      Spirit   .   n - +1 scale mail
rPois   .          Reflect  .   (helmet unavailable)
rElec   .          Harm     .   l - +0 cloak
rCorr   .          Rampage  .   m - +0 pair of gloves
Will    .....                   (no boots)
Stlth   ..........              (no amulet)
HPRegen 0.23/turn               E - +2 ring of evasion
MPRegen 0.10/turn               O - +2 ring of protection

@: very slow
A: permanent stasis, dig shafts and tunnels, antennae 3, four strong arms
a: Dig, Renounce Religion, Bend Time


You were in the Dungeon.
You worshipped Cheibriados.
Cheibriados was pleased with you.
You visited 1 branch


Innate Abilities, Weirdness & Mutations

You cannot be hasted, slowed, berserked, paralysed or teleported.
You can dig through walls and to a lower floor.
You have a pair of large antennae on your head. (SInv)
Your four strong arms can wield two-handed weapons with a shield.


   Skills:
 + Level 16.3 Fighting
 - Level 2.0 Long Blades
 - Level 3.2 Armour
 - Level 3.6 Shields


You had 6 spell levels left.
You didn't know any spells.
Your spell library was empty.

Inventory:

Hand Weapons
 a - a +0 long sword
 k - a +2 scimitar of flaming (weapon)
Armour
 b - a +0 scale mail
 c - a +0 buckler (worn)
 l - a +0 cloak (worn)
 m - a +0 pair of gloves (worn)
 n - a +1 scale mail (worn)
Jewellery
 E - a +2 ring of evasion (left hand)
 O - a +2 ring of protection (right hand)
Wands
 j - a wand of iceblast (10)
Scrolls
 i - 2 scrolls of amnesia
Potions
 d - a potion of might
 e - 3 potions of curing {@q1}
 f - a potion of invisibility
 g - 4 potions of magic
 h - a potion of heal wounds {@q2}

Dungeon Overview and Level Annotations

Branches:
Dungeon (1/1)

Altars:
Cheibriados
Dithmenos
Elyvilon
Fedhas
Gozag
Hepliaklqana
Kikubaaqudgha
Makhleb
Nemelex Xobeh
Okawaru
Qazlal
Ru
Sif Muna
Trog
Uskayaw
Vehumet
Wu Jian
Xom
Yredelemnul
Zin
The Shining One
Beogh
Jiyva
Lugonu { { { {{{{{{{{ {{{{{{{ ¦¦¦¦¦¦¦¦¦¦¦¦¦¦¦¦¦¦¦¦¦¦¦¦ ....Yhl@.....)?.'??????? ¦¦¦¦¦¦¦¦¦¦¦¦¦¦¦¦¦¦¦¦¦¦¦¦

You could see a komodo dragon, a yak and a howler monkey (catching breath).


Message History

The hornet is almost dead.
You feel sick. The hornet stings you.
* * * LOW HITPOINT WARNING * * *
You are lethally poisoned!
Your stasis prevents you from being slowed.
The komodo dragon hisses menacingly.
The hornet misses you.
Unknown command.
You are too injured to fight recklessly!
Unknown command.
You are too injured to fight recklessly!
You feel better. The hornet stings you.
* * * LOW HITPOINT WARNING * * *
Your stasis prevents you from being slowed.
The hornet stings you but does no damage.
You hit the hornet. You burn the hornet.
You kill the hornet!
Cheibriados thoroughly appreciates the change of pace.
Cheibriados raises the support of your attributes as your movement slows.
Your Fighting skill gained 2 levels and is now at level 16!
You have reached level 7!
You barely miss the komodo dragon.
The komodo dragon bites you but does no damage.
The komodo dragon barely misses you.
The howler monkey hoots and howls with incredible vigour!
Unknown command.
You slash the komodo dragon! You burn the komodo dragon.
The komodo dragon is moderately wounded.
The komodo dragon bites you!!
You die...

Skill      XL: |  1  2  3  4  5  6 |
---------------+-------------------+-----
Fighting       | 7 11 14 16 | 16.3
Long Blades    | |  2.0
Armour         | |  3.2
Shields        | |  3.6

Action                   |  1- 3 |  4- 6 |  7- 9 || total
-------------------------+-------+-------+-------++-------
Melee: Long sword        |    29 |     5 |       ||    34
       Scimitar          |       |    19 |     2 ||    21
 Abil: Dig               |     1 |       |       ||     1
  Use: Potion            |     1 |     3 |       ||     4
Armor: Scale mail        |    17 |     8 |     1 ||    26
Dodge: Dodged            |    17 |    13 |     1 ||    31
Block: Buckler           |    12 |     5 |       ||    17

Levels and vault maps discovered:
D:        linesprint [early_d, line_temple, items_1, d_10, items_2, lair_1,
          lair_end, items_3, orc_1, orc_end, items_4, d_15, swamp_1, shoals_1,
          snake_1, spider_1, d_20, vaults_1, items_5, swamp_end, shoals_end,
          snake_end, spider_end, vaults_end, d_27, items_6, zot_1, zot_end,
          crypt_end, forest_end, elf_end, slime_end, tomb_end, abyss_end,
          pan_hell_end]

Notes
Turn   | Place    | Note
-------+----------+-------------------------------------------
     0 | D        | browni3141 the Formicid Fighter began the quest for the
                  | Orb.
     0 | D        | Reached XP level 1. HP: 18/18 MP: 1/1
     8 | D        | Reached skill level 4 in Fighting
   105 | D        | Noticed a black bear
   105 | D        | Noticed a hound
   107 | D        | Reached skill level 5 in Fighting
   115 | D        | Killed a hound
   116 | D        | Reached skill level 7 in Fighting
   116 | D        | Reached XP level 2. HP: 24/32 MP: 2/2
   116 | D        | Reached XP level 3. HP: 28/37 MP: 3/3
   126 | D        | Killed a black bear
   127 | D        | Reached skill level 11 in Fighting
   127 | D        | Reached XP level 4. HP: 24/50 MP: 4/4
   127 | D        | Reached XP level 5. HP: 27/55 MP: 5/5
   288 | D        | Found a snail-covered altar of Cheibriados.
   288 | D        | Found a shadowy altar of Dithmenos.
   288 | D        | Found a white marble altar of Elyvilon.
   288 | D        | Found a blossoming altar of Fedhas.
   288 | D        | Found an opulent altar of Gozag.
   289 | D        | Found a hazy altar of Hepliaklqana.
   290 | D        | Found a viscous altar of Jiyva.
   291 | D        | Found an ancient bone altar of Kikubaaqudgha.
   292 | D        | Became a worshipper of Cheibriados the Contemplative
   293 | D        | Found a corrupted altar of Lugonu.
   294 | D        | Found a burning altar of Makhleb.
   295 | D        | Found a sparkling altar of Nemelex Xobeh.
   296 | D        | Found an iron altar of Okawaru.
   297 | D        | Found a stormy altar of Qazlal.
   298 | D        | Found a sacrificial altar of Ru.
   299 | D        | Found a shimmering blue altar of Sif Muna.
   300 | D        | Found a bloodstained altar of Trog.
   301 | D        | Found a hide-covered altar of Uskayaw.
   302 | D        | Found a radiant altar of Vehumet.
   303 | D        | Found an ornate altar of the Wu Jian Council.
   304 | D        | Found a shimmering altar of Xom.
   305 | D        | Found a basalt altar of Yredelemnul.
   306 | D        | Found a glowing silver altar of Zin.
   307 | D        | Found a glowing golden altar of the Shining One.
   358 | D        | Noticed a yak
   358 | D        | Noticed a komodo dragon
   358 | D        | Noticed a hornet
   358 | D        | Noticed a yak
   361 | D        | Reached skill level 12 in Fighting
   369 | D        | Killed a yak
   369 | D        | Reached * piety under Cheibriados
   370 | D        | Reached skill level 14 in Fighting
   370 | D        | Reached XP level 6. HP: 55/69 MP: 6/6
   380 | D        | Killed a hornet
   380 | D        | Reached ** piety under Cheibriados
   381 | D        | Reached skill level 16 in Fighting
   381 | D        | Reached XP level 7. HP: 25/78 MP: 7/7
   382 | D        | Slain by a komodo dragon

Vanquished Creatures
  A hornet (D)
  A yak (D)
  A black bear (D)
  A wight (D)
  A hound (D)
  An orc (D)
  An endoplasm (D)
  A quokka (D)
  2 frilled lizards (D)
  A goblin (D)
  A quokka skeleton (D)
  A rat (D)
13 creatures vanquished.

Table legend: (Time is in decaauts)
 A = Elapsed time spent in this place.
 B = Non-inter-level travel time spent in this place.
 C = Inter-level travel time spent in this place.
 D = Time resting spent in this place.
 E = Time spent auto-exploring this place.
 F = Levels seen in this place.
 G = Mean time per level.
                   A        B        C        D        E       F      G
               +--------+--------+--------+--------+--------+-----+--------+
         Total |    407 |    407 |      0 |      0 |    246 |   1 |  407.0 |
       Dungeon |    407 |    407 |      0 |      0 |    246 |   1 |  407.0 |
               +--------+--------+--------+--------+--------+-----+--------+

Top non-repeatable levels by time:
       D: 407 daAuts

Table legend:
 A = Non-vault XP
 B = Vault XP
 C = Vault XP percentage of total XP
 D = Non-vault monster count
 E = Vault monster count
 F = Vault count percentage of total count
                 A         B        C        D         E       F
            +---------+---------+-------+---------+---------+-------
      Total |       0 |     738 | 100.0 |       0 |      13 | 100.0
            +---------+---------+-------+---------+---------+-------
          D |       0 |     738 | 100.0 |       0 |      13 | 100.0
            +---------+---------+-------+---------+---------+-------
